 Dungeon Crawl Stone Soup version 0.23-a0-386-g9c9d49f (webtiles) character file.

24 Firecrotchwizard the Charmwright (level 3, 0/31 HPs)
             Began as a Gnoll Skald on Oct 28, 2018.
             Killed from afar by Sigmund (6 damage)
             ... with a magic dart
             ... on level 2 of the Dungeon.
             The game lasted 00:01:44 (1176 turns).

Firecrotchwizard the Charmwright (Gnoll Skald)      Turns: 1176, Time: 00:01:45

Health: 0/31       AC:  7    Str: 13    XL:     3   Next: 2%
Magic:  6/9        EV: 12    Int: 16    God:
Gold:   63         SH:  0    Dex: 14    Spells: 10/11 levels left

rFire    . . .     SeeInvis .   a - +0 spear
rCold    . . .     Gourm    .   (no shield)
rNeg     . . .     Faith    .   l - +0 ring mail (curse)
rPois    .         Spirit   .   c - +0 helmet
rElec    .         Reflect  .   k - +0 cloak
rCorr    .         Harm     .   (no gloves)
MR       .....                  (no boots)
Stlth    +.........             (no amulet)
HPRegen  0.10/turn              (no ring)
MPRegen  0.11/turn              (no ring)

@: infused
A: distributed training, fangs 1, strong nose
a: no special abilities


You were on level 2 of the Dungeon.
You were not hungry.

You visited 1 branch of the dungeon, and saw 2 of its levels.

You collected 63 gold pieces.

Inventory:

Hand Weapons
 a - a +0 spear (weapon)
Armour
 b - a +0 leather armour
 c - a +0 helmet (worn)
   (You found it on level 1 of the Dungeon)
 k - a +0 cloak (worn)
   (You found it on level 2 of the Dungeon)
 l - a cursed +0 ring mail (worn)
   (You found it on level 1 of the Dungeon)
Scrolls
 e - 2 scrolls of identify {unknown}
 f - a scroll of teleportation {unknown}
 i - a scroll of enchant weapon {unknown}
 o - a scroll of immolation {unknown}
Potions
 g - 3 potions of heal wounds {unknown}
 h - a potion of berserk rage {unknown}
 j - a potion of brilliance {unknown}
 n - a potion of flight {unknown}
 p - a potion of resistance {unknown}
Comestibles
 d - a ration
 m - a chunk of flesh {@w0}


   Skills:
 + Level 4.5 Fighting
 + Level 0.5 Short Blades
 + Level 0.5 Long Blades
 + Level 0.5 Axes
 + Level 0.5 Maces & Flails
 + Level 4.5 Polearms
 + Level 0.5 Staves
 + Level 0.5 Slings
 + Level 0.5 Bows
 + Level 0.5 Crossbows
 + Level 0.5 Throwing
 + Level 2.5 Armour
 + Level 4.5 Dodging
 + Level 0.5 Stealth
 + Level 0.5 Shields
 + Level 0.5 Unarmed Combat
 + Level 4.9 Spellcasting
 + Level 0.4 Conjurations
 + Level 0.4 Hexes
 + Level 5.4 Charms
 + Level 0.4 Summonings
 + Level 0.4 Necromancy
 + Level 0.4 Translocations
 + Level 0.4 Transmutations
 + Level 0.4 Fire Magic
 + Level 0.4 Ice Magic
 + Level 0.4 Air Magic
 + Level 0.4 Earth Magic
 + Level 0.4 Poison Magic
 + Level 0.7 Invocations
 + Level 0.5 Evocations


You had 10 spell levels left.
You knew the following spells:

 Your Spells              Type           Power        Failure   Level  Hunger
a - Infusion              Chrm           ###.         3%          1    None

Your spell library contained the following spells:

 Spells                   Type           Power        Failure   Level  Hunger
 Song of Slaying          Chrm           ###.....     5%          2    ##.....
 Shroud of Golubria       Chrm/Tloc      ##........   14%         2    ##.....
 Regeneration             Chrm/Necr      ##........   28%         3    ###....
 Spectral Weapon          Hex/Chrm       ##......     28%         3    ###....


Dungeon Overview and Level Annotations

Branches:
Dungeon (2/15)

Altars:

Annotations:
D:2 Sigmund


Innate Abilities, Weirdness & Mutations

Your experience applies equally to all skills.
You have very sharp teeth.
Your uncanny sense of smell can sniff out nearby items.


Message History

Where to? (Enter - D:1 @ (x,y), ? - help)
You see here a hunting sling.
All of the chunks of flesh in your inventory have rotted away.
There is a stone staircase leading down here.
You climb downwards.
There is a stone staircase leading up here.
k - a cloak You start putting on your armour.
You continue putting on your cloak. x4
You finish putting on your +0 cloak.
You start putting on your armour.
You continue putting on your helmet. x4
You finish putting on your +0 helmet.
Found a stone staircase leading up.
A giant cockroach comes into view.
A giant cockroach is nearby!
You barely miss the giant cockroach. The giant cockroach closely misses you.
You hit the giant cockroach.
You kill the giant cockroach!
No target in view!
A bat comes into view.
A bat is nearby!
The bat barely misses you.
You hit the bat but do no damage. The bat hits you but does no damage. x2
You hit the bat. The bat hits you but does no damage.
The bat closely misses you. The bat hits you but does no damage.
You hit the bat.
You kill the bat!
No target in view!
No target in view!
You butcher the bat corpse.
m - a chunk of flesh {@w0} You see here a bat skeleton. x2
You see here a spear.
A worm comes into view.
A worm is nearby!
You hit the worm. You barely miss the worm. The worm bites you.
You take 6 damage, and have 20/26 hp.
MASSIVE DAMAGE!!
You hit the worm. You barely miss the worm.
You bite the worm, but do no damage. The worm barely misses you.
You hit the worm. You hit the worm. The worm bites you!
You take 7 damage, and have 13/26 hp.
MASSIVE DAMAGE!!
You are too injured to fight recklessly!
You are too injured to fight recklessly!
You are too injured to fight recklessly!
You are too injured to fight recklessly!
You hit the worm.
You kill the worm!
You have reached level 3!
Your experience leads to an increase in your attributes!
Increase (S)trength, (I)ntelligence, or (D)exterity?
You feel clever.
You regained 2 hp, and now have 15/31 hp.
MP restored: 9 You see here a worm corpse.
You butcher the worm corpse.
m - 2 chunks of flesh {@w0} (gained 1)
You start resting.
Eating one of 2 chunks of flesh {@w0}.
You eat one of the 2 chunks of flesh {@w0}.
Health restored: 31
n - a viscous red potion
o - a scroll labeled ETWICK SEDONEH
p - an amethyst potion Sigmund the Dreaded comes into view.
He is wielding a +4 scythe of flaming.
Sigmund shouts!
Sigmund points at you and mumbles some strange words.
The magic dart hits you!
You take 8 damage, and have 23/31 hp.
MASSIVE DAMAGE!!
You start resting.
Sigmund is too close now for your liking.
Okay, then.
Okay, then.
Sorry, you're not good enough to have a special ability.
You begin infusing your attacks with magical energy.
You now have 8/9 mp.
Attack whom?
Aim: Sigmund, wielding a +4 scythe of flaming and wearing a +0 robe You reach to attack!
You hit Sigmund.
You now have 7/9 mp.
Attack whom?
Aim: Sigmund, wielding a +4 scythe of flaming and wearing a +0 robe (lightly You reach to attack!
You hit Sigmund.
Sigmund hits you from afar with a +4 scythe of flaming!
Sigmund burns you.
* * * LOW HITPOINT WARNING * * *
You take 18 damage, and have 6/31 hp.
MASSIVE DAMAGE!!
You now have 6/9 mp.
Unknown command.
Attack whom?
Aim: Sigmund, wielding a +4 scythe of flaming and wearing a +0 robe (moderately You reach to attack!
You closely miss Sigmund.
Sigmund points at you and mumbles some strange words.
The magic dart hits you!
You die...

.#########################
..........................
.######.#######..#.###...
......#..# #.....##.#
.......#.# #.#.#....#
#####..#.### #.#....###
...##........ #.##...#
...##........ #.##...#
............. #.@.@..#
...#......... #.###...#
.###..........#. ##..# .#
#.)....... #. ...# .#
#.#...#..# .. ...# .#
#+#...... ∆.. #...# ..
##..#. #?. .#@# .. ... #..
...# ...


You could see Sigmund.

Vanquished Creatures
  An ooze (D:1)
  A worm (D:2)
  2 leopard geckos (D:1)
  2 giant cockroaches
  A goblin (D:1)
  A hobgoblin (D:1)
  3 kobolds (D:1)
  A ball python (D:1)
  2 bats
  A frilled lizard (D:1)
  A rat (D:1)
16 creatures vanquished.

Notes
Turn   | Place    | Note
-------+----------+-------------------------------------------
     0 | D:1      | Firecrotchwizard the Gnoll Skald began the quest for the
                  | Orb.
     0 | D:1      | Reached XP level 1. HP: 20/20 MP: 6/6
   329 | D:1      | Reached XP level 2. HP: 26/26 MP: 7/7
   974 | D:2      | Reached XP level 3. HP: 15/31 MP: 9/9
  1166 | D:2      | Noticed Sigmund
  1175 | D:2      | HP: 6/31 [Sigmund/+4 scythe of flaming (5)]
  1176 | D:2      | Killed from afar by Sigmund

Vault maps used:
D:1:      mrwooster_arrival_statue_3
D:2:      cheibrodos_old_hovel, okawaru_trees_2, uniq_natasha, uniq_sigmund

Action                   || total
-------------------------++-------
Melee: Spear             ||    60
       Bite              ||     5
 Cast: Infusion          ||     2
 Stab: Sleeping          ||     1
  Eat: Chunk             ||     1
Armor: Leather armour    ||     5
       Ring mail         ||     4
Dodge: Dodged            ||    30

Table legend:
 A = Non-vault XP
 B = Vault XP
 C = Vault XP percentage of total XP
 D = Non-vault monster count
 E = Vault monster count
 F = Vault count percentage of total count
                 A         B        C        D         E       F
            +---------+---------+-------+---------+---------+-------
      Total |      35 |       0 |   0.0 |      16 |       0 |   0.0
            +---------+---------+-------+---------+---------+-------
        D:1 |      27 |       0 |   0.0 |      13 |       0 |   0.0
        D:2 |       8 |       0 |   0.0 |       3 |       0 |   0.0
            +---------+---------+-------+---------+---------+-------

Vault maps used:
D:1:      mrwooster_arrival_statue_3
D:2:      cheibrodos_old_hovel, okawaru_trees_2, uniq_natasha, uniq_sigmund

Table legend:
 A = Turns spent in this place as a percentage of turns spent in the entire game.
 B = Non-inter-level travel turns spent in this place as a percentage of non-inter-level travel turns spent in the entire game.
 C = Inter-level travel turns spent in this place as a percentage of turns spent in this place.
 D = Turns resting spent in this place as a percentage of non-inter-level travel turns spent in this place.
 E = Turns spent auto-exploring this place as a percentage of non-inter-level travel turns spent in this place.
 F = Non-inter-level travel turns spent in this place divided by the number of levels of this place that you've seen.
                   A       B       C       D       E      F
               +-------+-------+-------+-------+-------+----------------------
         Total | 100.0 | 100.0 |   9.6 |  14.7 |  71.2 | 531.5
       Dungeon | 100.0 | 100.0 |   9.6 |  14.7 |  71.2 | 531.5
               +-------+-------+-------+-------+-------+----------------------

Table legend:
 A = Kills in this place as a percentage of kills in entire the game.
 B = Kills by you in this place as a percentage of kills by you in the entire game.
 C = Kills by friends in this place as a percentage of kills by friends in the entire game.
 D = Other kills in this place as a percentage of other kills in the entire game.
 E = Experience gained in this place as a percentage of experience gained in the entire game.
 F = Experience gained in this place divided by the number of levels of this place that you have seen.
                   A       B       C       D       E      F
               +-------+-------+-------+-------+-------+----------------------
         Total | 100.0 | 100.0 |   N/A |   N/A | 100.0 |  17.5
       Dungeon | 100.0 | 100.0 |   N/A |   N/A | 100.0 |  17.5
               +-------+-------+-------+-------+-------+----------------------
